 Seeded DCSS version 0.27-a0-965-gbf8bb431c4 (webtiles) character file.

Game seed: 13435453013147752700 (custom seed)

12 wilfster70 the Ducker (level 2, -4/23 HPs)
             Began as a Djinni Gladiator on Apr 12, 2021.
             Killed by Freeze
             ... generated by an endoplasm
              (7 damage)
             ... on level 1 of the Dungeon.
             The game lasted 00:00:36 (171 turns).

wilfster70 the Ducker (Djinni Gladiator)             Turns: 171, Time: 00:00:37

Health: -4/23      AC:  4    Str: 13    XL:     2   Next: 33%
Gold:   15         EV: 12    Int:  9    God:
                   SH:  0    Dex: 14

rFire    + + .     SeeInvis .   a - +0 long sword
rCold    x . .     Faith    .   (no shield)
rNeg     . . .     Spirit   .   b - +0 leather armour
rPois    ∞         Reflect  .   c - +0 helmet
rElec    .         Harm     .   (no cloak)
rCorr    .         Rampage  .   (no gloves)
Will     .....                  (boots unavailable)
Stlth    +.........             (no amulet)
HPRegen  0.07/turn              (no ring)
MPRegen  0.00/turn              (no ring)

@: flying
A: fire resistance 2, cold vulnerability 1, float, innate caster, hp casting,
extra vitality 1
a: no special abilities


You were on level 1 of the Dungeon.
You visited 1 branch of the dungeon, and saw 1 of its levels.

You collected 15 gold pieces.

Inventory:

Hand Weapons
 a - a +0 long sword (weapon)
Missiles
 d - 3 throwing nets (quivered)
Armour
 b - a +0 leather armour (worn)
 c - a +0 helmet (worn)
Potions
 e - a potion of invisibility {unknown}


   Skills:
 + Level 2.2 Fighting
 + Level 2.9 Long Blades
 - Level 1.5 Throwing
 + Level 0.9 Armour
 - Level 3.3 Dodging


You had one spell level left.
You didn't know any spells.
Your spell library was empty.

Dungeon Overview and Level Annotations

Branches:
Dungeon (1/15)

Altars:


Innate Abilities, Weirdness & Mutations

You are immune to poison.
Your flesh is very heat resistant. (rF++)
You are vulnerable to cold. (rC-)
You float through the air rather than walking.
You learn spells naturally, not from books.
Your magical power is your life essence.
You have superior vitality. (+4 HP)


Message History

You slash the jackal!
You kill the jackal!
The jackal completely misses you.
You closely miss the jackal. The jackal barely misses you.
The jackal misses you. The goblin barely misses you.
You hit the jackal but do no damage. The jackal bites you.
The goblin hits you with a +0 club.
You hit the goblin.
The goblin is moderately wounded.
The jackal bites you but does no damage.
The jackal closely misses you.
You riposte.
You slash the jackal!
You kill the jackal!
The goblin hits you but does no damage.
You barely miss the goblin.
The goblin is moderately wounded.
The jackal bites you. The goblin hits you with a +0 club.
You closely miss the goblin.
The jackal bites you but does no damage.
The goblin hits you but does no damage. The jackal barely misses you.
The goblin misses you.
You riposte.
You hit the goblin.
The goblin is severely wounded.
You barely miss the jackal.
The jackal pauses to sniff the ground.
The jackal closely misses you. The jackal bites you.
The goblin hits you with a +0 club.
You hit the jackal.
You kill the jackal!
The goblin hits you with a +0 club.
* * * LOW HITPOINT WARNING * * *
You hit the endoplasm.
The endoplasm is moderately wounded.
The goblin misses you.
You riposte.
You slash the goblin!
You kill the goblin!
The endoplasm hits you.
* * * LOW HITPOINT WARNING * * *
You hit the endoplasm but do no damage.
The endoplasm is moderately wounded.
The endoplasm freezes you.
You are frozen!
You feel a terrible chill!
You die...

### ..# #.#
#.# ##.##
##...#########
...
#.....J@)....#
...
#....#######.#
.... #....#.##
.... ######.#
#...### #.#
......######.#
#......†....#
####.########
#.#


You could see an endoplasm.

Vanquished Creatures
  A ball python (D:1)
  2 endoplasms (D:1)
  A goblin (D:1)
  A hobgoblin (D:1)
  3 jackals (D:1)
  A kobold (D:1)
  A rat (D:1)
10 creatures vanquished.

Notes
Turn   | Place    | Note
-------+----------+-------------------------------------------
     0 | D:1      | wilfster70 the Djinni Gladiator began the quest for the
                  | Orb.
     0 | D:1      | Reached XP level 1. HP: 18/18 MP: 0/0
   158 | D:1      | Reached XP level 2. HP: 22/23 MP: 0/0
   171 | D:1      | Killed from afar by an endoplasm

Illustrated notes

Levels and vault maps discovered:
D:1:      giann_bridges, layout_loops_ring, basic_ecumenical_altar, st_stairs_4

Action                   || total
-------------------------++-------
Melee: Long sword        ||    20
 Stab: Sleeping          ||     1
Armor: Leather armour    ||     6
Dodge: Dodged            ||    24
       Rpst.: Long sword ||     7

Table legend: (Time is in decaauts)
 A = Elapsed time spent in this place.
 B = Non-inter-level travel time spent in this place.
 C = Inter-level travel time spent in this place.
 D = Time resting spent in this place.
 E = Time spent auto-exploring this place.
 F = Levels seen in this place.
 G = Mean time per level.
                   A        B        C        D        E       F      G
               +--------+--------+--------+--------+--------+-----+--------+
         Total |    176 |    176 |      0 |      0 |     92 |   1 |  176.0 |
       Dungeon |    176 |    176 |      0 |      0 |     92 |   1 |  176.0 |
               +--------+--------+--------+--------+--------+-----+--------+

Top non-repeatable levels by time:
     D:1: 176 daAuts
